 Dungeon Crawl Stone Soup version 0.24.0-28-g17ded55e90 (webtiles) character file.

Game seed: 3381264841218349409, levelgen mode: deterministic

2193 sking99 the Thaumaturge (level 9, 65/65 HPs)
             Began as a Gnoll Wizard on Nov 12, 2019.
             Was a Believer of Fedhas.
             Quit the game on level 7 of the Dungeon.
             The game lasted 00:15:14 (7784 turns).

sking99 the Thaumaturge (Gnoll Wizard)              Turns: 7784, Time: 00:15:14

Health: 65/65      AC:  5    Str: 13    XL:     9   Next: 33%
Magic:  14/21      EV: 15    Int: 20    God:    Fedhas [**....]
Gold:   316        SH:  5    Dex: 14    Spells: 13/24 levels left

rFire    . . .     SeeInvis .   t - +4 flail (holy)
rCold    . . .     Gourm    .   u - +0 buckler
rNeg     . . .     Faith    .   p - +1 leather armour {rPois}
rPois    +         Spirit   .   b - +0 hat
rElec    .         Reflect  .   (no cloak)
rCorr    .         Harm     .   m - +0 pair of gloves
MR       .....                  (no boots)
Stlth    +++.......             (no amulet)
HPRegen  0.20/turn              (no ring)
MPRegen  0.17/turn              (no ring)

@: very slightly contaminated
A: distributed training, fangs 1, strong nose
a: Wall of Briars, Renounce Religion


You were on level 7 of the Dungeon.
You worshipped Fedhas.
Fedhas was pleased with you.
You were not hungry.

You visited 1 branch of the dungeon, and saw 7 of its levels.
You also visited: Sewer.

You collected 361 gold pieces.
You spent 45 gold pieces at shops.

Inventory:

Hand Weapons
 t - a +4 flail of holy wrath (weapon)
Armour
 b - a +0 hat (worn)
 m - a +0 pair of gloves (worn)
 p - a +1 leather armour of poison resistance (worn)
 u - a +0 buckler (worn)
 x - a scarf of spirit shield
Jewellery
 g - an uncursed ring of stealth {unknown}
 i - an uncursed ring of positive energy {unknown}
 k - an uncursed amulet of rage {unknown}
 n - a +2 ring of strength {unknown}
 q - an uncursed ring of wizardry {unknown}
 v - an uncursed amulet of regeneration
Wands
 a - a wand of iceblast (10)
Scrolls
 c - 2 scrolls of fog {unknown}
 f - 3 scrolls of magic mapping
 h - 3 scrolls of teleportation
 j - 3 scrolls of identify
 l - a scroll of blinking
 o - 2 scrolls of enchant weapon
Potions
 e - 3 potions of mutation
 r - a potion of ambrosia {unknown}
 s - 4 potions of degeneration
 w - a potion of heal wounds
Comestibles
 d - 16 rations


   Skills:
 + Level 4.0 Fighting
 + Level 4.0 Short Blades
 + Level 4.0 Long Blades
 + Level 4.0 Axes
 + Level 4.0 Maces & Flails
 + Level 4.0 Polearms
 + Level 4.0 Staves
 + Level 4.0 Slings
 + Level 4.0 Bows
 + Level 4.0 Crossbows
 + Level 4.0 Throwing
 + Level 4.0 Armour
 + Level 6.2 Dodging
 + Level 5.9 Stealth
 + Level 4.0 Shields
 + Level 4.0 Unarmed Combat
 + Level 8.3 Spellcasting
 + Level 4.0 Conjurations
 + Level 3.3 Hexes
 + Level 3.3 Charms
 + Level 4.0 Summonings
 + Level 3.3 Necromancy
 + Level 4.0 Translocations
 + Level 3.3 Transmutations
 + Level 3.3 Fire Magic
 + Level 3.3 Ice Magic
 + Level 3.3 Air Magic
 + Level 3.3 Earth Magic
 + Level 3.3 Poison Magic
 + Level 4.5 Invocations
 + Level 4.0 Evocations


You had 13 spell levels left.
You knew the following spells:

 Your Spells              Type           Power        Failure   Level  Hunger
a - Magic Dart            Conj           ###.         1%          1    None
b - Mephitic Cloud        Conj/Pois/Air  ###.....     7%          3    None
c - Call Imp              Summ           ###.....     3%          2    None
d - Conjure Flame         Conj/Fire      ###.....     7%          3    None
e - Blink                 Tloc           N/A          3%          2    None

Your spell library contained the following spells:

 Spells                   Type           Power        Failure   Level  Hunger
 Beastly Appendage        Tmut           ###...       2%          1    None
 Slow                     Hex            ###.....     3%          2    None
 Sticks to Snakes         Tmut           ###.....     3%          2    None
 Spider Form              Tmut/Pois      ###.......   8%          3    None
 Ice Form                 Ice/Tmut       ###.....     26%         4    ###....
 Blade Hands              Tmut           ###.......   56%         5    #####..


Dungeon Overview and Level Annotations

Branches:
Dungeon (7/15)             Temple (0/1) D:4           Sewer (visited)

Altars:
Fedhas
Gozag
Hepliaklqana
Kikubaaqudgha
Makhleb
Sif Muna
Uskayaw
Vehumet
Zin

Shops:
D:4 (   D:5 [


Innate Abilities, Weirdness & Mutations

Your experience applies equally to all skills.
You have very sharp teeth.
Your uncanny sense of smell can sniff out nearby items.


Message History

Aim: an iguana (lightly wounded)
The magic dart hits the iguana but does no damage.
The iguana is lightly wounded.
Casting: Magic Dart (safe; 1% risk of failure)
Confirm with . or Enter, or press ? or * to list all spells.
Aiming: Magic Dart (safe; 1% risk of failure)
Press: ? - help, Shift-Dir - straight line, f/p - iguana
Aim: an iguana (lightly wounded)
The magic dart hits the iguana.
The iguana is heavily wounded.
The iguana barely misses you.
Casting: Magic Dart (safe; 1% risk of failure)
Confirm with . or Enter, or press ? or * to list all spells.
Aiming: Magic Dart (safe; 1% risk of failure)
Press: ? - help, Shift-Dir - straight line, f/p - iguana
Aim: an iguana (moderately wounded)
The magic dart hits the iguana.
The iguana is heavily wounded.
The iguana misses you.
Are you sure you want to abandon this character and quit the game? (Confirm with "yes".)

############ #..
#..........# ..
#..........# #.#
#....<.....# #.>
####..........# #.%
##.............#
#..###..##...........
#..>@..###...........
#..l#### #...........
#......#...#
#......(.... ..#....
....##...........
#.....
.....########....
#..... .....# .#/
#...... ......#
..#.... ..r.#.#
....... ...5[..


You could see an iguana.

Vanquished Creatures
  Duvessa (D:5)
  Purgy (Sewer)
  2 phantoms
  4 ogres
  A centaur (D:5)
  A bullfrog (D:6)
  Dowan (D:5)
  A scorpion (D:6)
  A centaur zombie (D:6)
  A crimson imp (D:7)
  3 bullfrog skeletons
  A centaur skeleton (D:5)
  2 jellies
  An orc wizard (D:6)
  5 worker ants
  A hound zombie (D:5)
  A hound skeleton (D:7)
  A worker ant zombie (D:5)
  A howler monkey zombie (D:5)
  3 adders
  An ooze (D:1)
  An adder skeleton (D:5)
  6 worms
  2 leopard geckos
  13 orcs
  A giant cockroach (D:2)
  3 hobgoblins
  2 jackals (D:1)
  3 quokkas (D:5)
  2 ball pythons
  8 bats
  4 frilled lizards
  3 goblins
  9 kobolds
  7 rats
98 creatures vanquished.

Vanquished Creatures (collateral kills)
  Sigmund (D:3)
  Edmund (D:4)
  An ice beast (D:7)
  An orc warrior (D:6)
  3 ogres
  A centaur (D:5)
  An orc priest (D:4)
  A hound (D:5)
  2 orc wizards (D:4)
  Ijyb (D:3)
  A worker ant (D:4)
  2 adders
  A worm (D:4)
  A leopard gecko (D:5)
  3 orcs (D:6)
  A bat (D:2)
  A quokka (D:5)
23 creatures vanquished.

Vanquished Creatures (others)
  Grinder (D:5)
  A howler monkey skeleton (D:5)
2 creatures vanquished.

Grand Total: 123 creatures vanquished

Notes
Turn   | Place    | Note
-------+----------+-------------------------------------------
     0 | D:1      | sking99 the Gnoll Wizard began the quest for the Orb.
     0 | D:1      | Reached XP level 1. HP: 13/13 MP: 8/8
   247 | D:1      | Reached XP level 2. HP: 19/19 MP: 3/10
   772 | D:1      | Learned a level 2 spell: Blink
   775 | D:1      | Learned a level 2 spell: Call Imp
   954 | D:2      | Reached XP level 3. HP: 13/25 MP: 0/11
  1406 | D:2      | Reached skill level 1 in Invocations
  1501 | D:2      | Reached skill level 1 in Fighting
  1501 | D:2      | Reached skill level 1 in Short Blades
  1501 | D:2      | Reached skill level 1 in Long Blades
  1501 | D:2      | Reached skill level 1 in Axes
  1501 | D:2      | Reached skill level 1 in Maces & Flails
  1501 | D:2      | Reached skill level 1 in Polearms
  1501 | D:2      | Reached skill level 1 in Staves
  1501 | D:2      | Reached skill level 1 in Slings
  1501 | D:2      | Reached skill level 1 in Bows
  1501 | D:2      | Reached skill level 1 in Crossbows
  1501 | D:2      | Reached skill level 1 in Throwing
  1501 | D:2      | Reached skill level 1 in Armour
  1501 | D:2      | Reached skill level 1 in Shields
  1501 | D:2      | Reached skill level 1 in Unarmed Combat
  1501 | D:2      | Reached skill level 1 in Evocations
  1501 | D:2      | Reached XP level 4. HP: 29/32 MP: 2/13
  1784 | D:2      | Found a blossoming altar of Fedhas.
  1804 | D:2      | Became a worshipper of Fedhas Madash
  1976 | D:3      | Learned a level 3 spell: Conjure Flame
  2040 | D:3      | Noticed Sigmund
  2054 | D:3      | Killed Sigmund
  2054 | D:3      | Reached skill level 1 in Hexes
  2054 | D:3      | Reached skill level 1 in Charms
  2054 | D:3      | Reached skill level 1 in Necromancy
  2054 | D:3      | Reached skill level 1 in Transmutations
  2054 | D:3      | Reached skill level 1 in Fire Magic
  2054 | D:3      | Reached skill level 1 in Ice Magic
  2054 | D:3      | Reached skill level 1 in Air Magic
  2054 | D:3      | Reached skill level 1 in Earth Magic
  2054 | D:3      | Reached skill level 1 in Poison Magic
  2054 | D:3      | Reached XP level 5. HP: 14/37 MP: 4/14
  2303 | D:3      | Found a radiant altar of Vehumet.
  2475 | D:3      | Noticed Ijyb
  2490 | D:3      | Killed Ijyb
  2959 | D:4      | Found Woixib's Antique Weapon Shop.
  3027 | D:4      | Noticed Edmund
  3036 | D:4      | Killed Edmund
  3036 | D:4      | Reached XP level 6. HP: 42/44 MP: 3/16
  3129 | D:4      | Found an ancient bone altar of Kikubaaqudgha.
  3130 | D:4      | Found a shimmering blue altar of Sif Muna.
  3136 | D:4      | Found a hide-covered altar of Uskayaw.
  3139 | D:4      | Found a burning altar of Makhleb.
  3140 | D:4      | Found a hazy altar of Hepliaklqana.
  3177 | D:4      | Reached * piety under Fedhas
  3206 | D:4      | Reached skill level 5 in Dodging
  3334 | D:4      | Noticed a phantom
  3341 | D:4      | Reached XP level 7. HP: 37/50 MP: 3/18
  3526 | D:4      | Learned a level 3 spell: Mephitic Cloud
  3750 | D:4      | Found an opulent altar of Gozag.
  3751 | D:4      | Found a glowing silver altar of Zin.
  3860 | D:4      | Found a staircase to the Ecumenical Temple.
  3912 | D:5      | Entered Level 5 of the Dungeon
  3943 | D:5      | Reached skill level 5 in Stealth
  4155 | D:5      | Noticed Grinder
  4162 | D:5      | Reached XP level 8. HP: 43/57 MP: 7/19
  4171 | D:5      | Paralysed by something for 3 turns
  4187 | D:5      | Killed Grinder
  4632 | D:5      | Found Gujyzauf's Jewellery Shop.
  4946 | D:5      | Noticed Dowan
  4947 | D:5      | Noticed Duvessa
  4960 | D:5      | Killed Duvessa
  4960 | D:5      | Reached skill level 8 in Spellcasting
  4967 | D:5      | Killed Dowan
  4967 | D:5      | Reached ** piety under Fedhas
  5541 | D:5      | Found Guxkyen's Armour Shop.
  5544 | D:5      | Bought a +0 buckler for 45 gold pieces
  5777 | D:6      | Found a glowing drain.
  5783 | D:6      | Reached XP level 9. HP: 65/65 MP: 15/21
  5824 | Sewer    | Entered a sewer
  6079 | Sewer    | Noticed Purgy
  6094 | Sewer    | Killed Purgy
  7784 | D:7      | Quit the game

Levels and vault maps discovered:
D:1:      saegor_arrival_simple_a, layout_basic, st_stairs_11
D:2:      layout_basic, lemuel_doored_altar, minmay_tromino_v2
D:3:      layout_rooms, vehumet_crystals, first_ration, uniq_sigmund, uniq_ijyb
D:4:      layout_basic, grunt_temple_overflow_gold_and_silver, minitemple,
          minmay_temple_entry_statues_pillars, serial_shops, shop, uniq_edmund
D:5:      layout_basic, serial_shops, shop, nicolae_shop_behind_doors,
          lemuel_flamethrower_2, uniq_duvessa, uniq_grinder
D:6:      layout_gridville, cheibrodos_sewer_entry_drain
D:7:      layout_rooms, nicolae_dithmenos_the_darkroom

Skill      XL: |  1  2  3  4  5  6  7  8  9 |
---------------+----------------------------+-----
Conjurations   | 2 3 4 |  4.0
Summonings     | 2 3 4 |  4.0
Translocations | 2 3 4 |  4.0
Invocations    | 1 2 3 4 |  4.5
Fighting       | 1 2 3 4 |  4.0
Short Blades   | 1 2 3 4 |  4.0
Long Blades    | 1 2 3 4 |  4.0
Axes           | 1 2 3 4 |  4.0
Maces & Flails | 1 2 3 4 |  4.0
Polearms       | 1 2 3 4 |  4.0
Staves         | 1 2 3 4 |  4.0
Slings         | 1 2 3 4 |  4.0
Bows           | 1 2 3 4 |  4.0
Crossbows      | 1 2 3 4 |  4.0
Throwing       | 1 2 3 4 |  4.0
Armour         | 1 2 3 4 |  4.0
Shields        | 1 2 3 4 |  4.0
Unarmed Combat | 1 2 3 4 |  4.0
Evocations     | 1 2 3 4 |  4.0
Hexes          | 1 2 3 |  3.3
Charms         | 1 2 3 |  3.3
Necromancy     | 1 2 3 |  3.3
Transmutations | 1 2 3 |  3.3
Fire Magic     | 1 2 3 |  3.3
Ice Magic      | 1 2 3 |  3.3
Air Magic      | 1 2 3 |  3.3
Earth Magic    | 1 2 3 |  3.3
Poison Magic   | 1 2 3 |  3.3
Dodging        | 5 6 |  6.2
Stealth        | 5 |  5.9
Spellcasting   | 8 |  8.3

Action                   |  1- 3 |  4- 6 |  7- 9 || total
-------------------------+-------+-------+-------++-------
Melee: Unarmed           |     4 |       |       ||     4
       Flail             |       |       |    52 ||    52
       Bite              |       |       |     6 ||     6
 Cast: Magic Dart        |    57 |   111 |   238 ||   406
       Call Imp          |     2 |    14 |    28 ||    44
       Blink             |     1 |       |       ||     1
       Mephitic Cloud    |       |       |     1 ||     1
Invok: Wall of Briars    |       |       |     2 ||     2
  Use: Scroll            |       |       |     9 ||     9
 Stab: Distracted        |       |       |     1 ||     1
  Eat: Chunk             |     2 |     5 |    10 ||    17
       Ration            |       |       |     1 ||     1
Armor: Robe              |     2 |     1 |       ||     3
       Leather armour    |       |       |    47 ||    47
Dodge: Dodged            |    19 |    21 |   161 ||   201
Block: Buckler           |       |       |    10 ||    10
